 Dungeon Crawl Stone Soup version 0.21.1-1-g345015f (webtiles) character file.

5452 twistedcrescendo the Fighter (level 10, -4/100 HPs)
             Began as a Minotaur Berserker on June 21, 2018.
             Was an Elder of Trog.
             Slain by a death yak (15 damage)
             ... on level 8 of the Dungeon.
             The game lasted 00:47:34 (6747 turns).

twistedcrescendo the Fighter (Minotaur Berserker)   Turns: 6747, Time: 00:47:35

Health: -4/100     AC:  9    Str: 21    XL:     10   Next: 41%
Magic:  9/9        EV: 13    Int:  4    God:    Trog [****..]
Gold:   394        SH:  0    Dex: 14    Spells: 9/9 levels left

rFire    + . .     SeeInvis .   x - +2 mace (protect)
rCold    x . .     Gourm    .   (no shield)
rNeg     . . .     Faith    .   k - +0 ring mail
rPois    .         Spirit   .   (helmet restricted)
rElec    .         Reflect  .   (no cloak)
rCorr    .         Harm     .   f - +1 pair of gloves
MR       .....                  K - +0 pair of boots
Stlth    ++........             (no amulet)
HPRegen  0.26/turn              L - ring of stealth
MPRegen  0.11/turn              C - ring of fire

@: berserk cooldown, hasted and slowed
A: retaliatory headbutt, horns 2
a: Berserk, Trog's Hand, Brothers in Arms, Burn Spellbooks, Renounce Religion


You were on level 8 of the Dungeon.
You worshipped Trog.
Trog was greatly pleased with you.
You were near starving.

You visited 1 branch of the dungeon, and saw 8 of its levels.
You also visited: Ossuary.

You collected 394 gold pieces.

Inventory:

Hand Weapons
 g - a +3 hand axe of electrocution
 m - a +0 dire flail
 x - a +2 mace of protection (weapon)
 M - a +2 whip of venom
Armour
 f - a +1 pair of gloves (worn)
 k - a +0 ring mail (worn)
 H - +0 gold dragon scales
 K - a +0 pair of boots (worn)
Jewellery
 C - a ring of fire (right hand)
 L - a ring of stealth (left hand)
Wands
 i - a wand of flame (26)
 o - a wand of polymorph (7)
 r - a wand of digging (1)
 F - a wand of iceblast (6)
Scrolls
 h - 4 scrolls of enchant armour
 p - 4 scrolls of teleportation
 q - 6 scrolls of remove curse
 y - 2 scrolls of magic mapping {unknown}
 B - 2 scrolls of immolation
 I - a scroll of holy word {unknown}
Potions
 d - a potion of agility
 j - 7 potions of curing
 l - a potion of might
 n - a potion of magic
 s - a potion of lignification
 u - 2 potions of cancellation
 v - 3 potions of flight
 w - 2 potions of haste
 z - a potion of degeneration
 A - 2 potions of invisibility
 D - a potion of resistance
 E - 3 potions of brilliance
 J - 2 potions of berserk rage {unknown}
Comestibles
 a - 5 chunks of flesh
 c - 15 rations


   Skills:
 + Level 12.9 Fighting
 - Level 12.2 Maces & Flails
 + Level 5.0 Armour
 + Level 4.5 Dodging


You had 9 spell levels left.
You didn't know any spells.

Dungeon Overview and Level Annotations

Branches:
Dungeon (8/15)             Temple (0/1) D:4            Lair (0/6) D:8

Altars:
Fedhas
Okawaru
Qazlal
Trog
Vehumet

Shops:
D:8 [


Innate Abilities, Weirdness & Mutations

You reflexively headbutt those who attack you in melee.
You have a pair of horns on your head.


Message History

You feel the effects of Trog's Hand fading.
The death yak barely misses you.
You hit the death yak but do no damage.
You headbutt the death yak, but do no damage.
The death yak is severely wounded.
The death yak gores you but does no damage.
You hit the death yak. You headbutt the death yak!
The death yak is almost dead.
The death yak gores you!!
* * * LOW HITPOINT WARNING * * *
The death yak completely misses you. You furiously retaliate!
You headbutt the death yak, but do no damage.
As you read the scroll of fear, it crumbles to dust.
You assume a fearsome visage.
The death yak looks frightened!
The yak looks frightened!
The death yak resists with some effort.
The death yak looks frightened!
The kobold looks frightened!
Your skin stops crawling.
You feel less resistant to hostile enchantments.
You feel yourself speed up. The death yak gores you!
You die...

..####...........##...#
....##..##..#.##.##.#.#
.##.##..##..#.##.##.#.#
........##....##.##...#
........##..#.##.##..######
#...##..##..#.............#######
#...##...........##..####........
#....)......####.##..#.......##..
#..###.###..# #@##..#.##.##.##..
#.. ...###.## #Y##..#.##.##.....
...######...# #.##.......#####..
### #...# #.###.#....#####..
#...# #.# #....).)...... #...#
#†###...))######## #...#
#.##....)##
#########...####.........#
#..........<...?..#.....####..


You could see a death yak.

Vanquished Creatures
  A two-headed ogre (D:8)
  2 death yaks (D:8)
  The ghost of chorionicmirror the Cleaver, a novice HOBe of Beogh (D:7)
  The ghost of Exporg the Ruffian, an amateur TrFi (D:5)
  Eustachio (D:6)
  The ghost of Bnni the Shield-Bearer, an amateur FoFi (D:3)
  A wyvern (D:4)
  A black bear (D:8)
  4 ice beasts
  2 sky beasts
  3 ogres
  A necrophage (D:8)
  4 centaurs
  Blork the orc (D:4)
  4 bullfrogs
  A scorpion (D:8)
  3 crimson imps (D:5)
  3 bullfrog zombies
  A quasit (D:6)
  A human zombie (Ossuary)
  2 orc priests
  3 orc wizards
  A gnoll shaman (D:8)
  An iguana (D:8)
  Natasha (thrice) (D:3)
  2 worker ants
  A killer bee zombie (D:8)
  3 hound zombies
  A hound skeleton (D:8)
  4 mummies (Ossuary)
  A howler monkey zombie (D:7)
  A howler monkey skeleton (D:6)
  7 adders
  9 gnolls
  A shadow imp (D:5)
  4 adder zombies
  An adder skeleton (D:8)
  4 worms
  3 dart slugs
  4 leopard geckos
  9 orcs
  6 giant cockroaches
  A gnoll zombie (Ossuary)
  3 hobgoblins
  23 jackals
  4 quokkas
  A ball python (D:3)
  6 bats
  7 frilled lizards
  7 goblins
  A goblin zombie (Ossuary)
  2 hobgoblin zombies (Ossuary)
  6 kobolds
  A kobold zombie (Ossuary)
  2 orc zombies (Ossuary)
  7 rats
179 creatures vanquished.

Notes
Turn   | Place    | Note
-------+----------+-------------------------------------------
     0 | D:1      | twistedcrescendo the Minotaur Berserker began the quest for the Orb.
     0 | D:1      | Reached XP level 1. HP: 19/19 MP: 0/0
   152 | D:1      | Reached XP level 2. HP: 27/27 MP: 1/1
   574 | D:1      | Reached XP level 3. HP: 34/34 MP: 2/2
   755 | D:2      | Reached ** piety under Trog
  1387 | D:3      | Found a bloodstained altar of Trog.
  1389 | D:3      | Found a radiant altar of Vehumet.
  1411 | D:3      | Noticed Natasha
  1421 | D:3      | Killed Natasha
  1421 | D:3      | Reached skill level 5 in Fighting
  1421 | D:3      | Reached skill level 5 in Maces & Flails
  1421 | D:3      | Reached XP level 4. HP: 11/42 MP: 3/3
  2007 | D:3      | Noticed Bnni's ghost (amateur FoFi)
  2014 | D:3      | Killed Bnni's ghost
  2014 | D:3      | Reached XP level 5. HP: 49/50 MP: 4/4
  2026 | D:3      | Noticed Natasha
  2042 | D:3      | Found a faded altar of an unknown god.
  2053 | D:3      | Killed Natasha
  2053 | D:3      | Reached XP level 6. HP: 25/57 MP: 5/5
  2478 | D:3      | Noticed Natasha
  2483 | D:3      | Killed Natasha
  2641 | D:4      | Reached *** piety under Trog
  2768 | D:4      | Noticed a wyvern
  2770 | D:4      | Killed a wyvern
  2770 | D:4      | Reached XP level 7. HP: 42/66 MP: 6/6
  2910 | D:4      | Noticed Blork the orc
  2912 | D:4      | Killed Blork the orc
  3085 | D:4      | Found a staircase to the Ecumenical Temple.
  3143 | D:4      | Found a blossoming altar of Fedhas.
  3180 | D:5      | Entered Level 5 of the Dungeon
  3407 | D:5      | Found a sand-covered staircase.
  3411 | Ossuary  | Entered an ossuary
  3689 | D:5      | Noticed Exporg's ghost (amateur TrFi)
  3696 | D:5      | Killed Exporg's ghost
  3696 | D:5      | Reached XP level 8. HP: 52/78 MP: 7/7
  3708 | D:5      | Reached **** piety under Trog
  4378 | D:6      | Noticed Eustachio
  4398 | D:6      | Killed Eustachio
  4398 | D:6      | Reached skill level 10 in Fighting
  4398 | D:6      | Reached skill level 10 in Maces & Flails
  5213 | D:7      | Reached XP level 9. HP: 75/86 MP: 8/8
  5644 | D:7      | Noticed chorionicmirror's ghost (novice HOBe)
  5672 | D:7      | Killed chorionicmirror's ghost
  5867 | D:7      | Received a gift from Trog
  6004 | D:8      | Found a stormy altar of Qazlal.
  6019 | D:8      | Noticed a death yak
  6058 | D:8      | Noticed a death yak
  6149 | D:8      | Found an iron altar of Okawaru.
  6350 | D:8      | Noticed a two-headed ogre
  6354 | D:8      | Killed a two-headed ogre
  6421 | D:8      | Found Qurug's Antique Armour Shop.
  6497 | D:8      | Reached XP level 10. HP: 82/98 MP: 9/9
  6706 | D:8      | Found a staircase to the Lair.
  6707 | D:8      | Noticed a death yak
  6708 | D:8      | Noticed a death yak
  6708 | D:8      | Noticed a death yak
  6725 | D:8      | Killed a death yak
  6731 | D:8      | Killed a death yak
  6731 | D:8      | Reached skill level 5 in Armour
  6741 | D:8      | HP: 5/100 [death yak (20)]
  6747 | D:8      | Slain by a death yak

Skill      XL: |  1  2  3  4  5  6  7  8  9 10 |
---------------+-------------------------------+-----
Fighting       | 4 5 6 7 9 10 12 | 12.9
Maces & Flails | 4 5 6 7 9 10 12 | 12.2
Armour         | 5 |  5.0
Dodging        | 4 |  4.5

Action                   |  1- 3 |  4- 6 |  7- 9 | 10-12 || total
-------------------------+-------+-------+-------+-------++-------
Melee: Hand axe          |    56 |    56 |   177 |    37 ||   326
       Mace              |     6 |       |    15 |     4 ||    25
       Headbutt          |     4 |     8 |    51 |    20 ||    83
       Whip              |     6 |       |    17 |       ||    23
       Dire flail        |       |       |     8 |       ||     8
Invok: Berserk           |       |     1 |     2 |     1 ||     4
       Trog's Hand       |       |       |     1 |     1 ||     2
  Use: Scroll            |     5 |     1 |    15 |     1 ||    22
       Potion            |       |       |     1 |     2 ||     3
 Stab: Distracted        |       |       |     1 |       ||     1
  Eat: Chunk             |     2 |     4 |     8 |       ||    14
       Ration            |       |       |     2 |       ||     2
Armor: Animal skin       |     2 |       |       |       ||     2
       Ring mail         |    17 |    24 |    56 |    20 ||   117
Dodge: Dodged            |    40 |    37 |    82 |    19 ||   178
